PL
CLEVELAND BROWNS @ CHARLESTON BATTERY
06/02/2042
 
TOP OF THE 1ST
Cleveland Browns batting - Pitching for Charleston Battery : RHP Melvin Tiburcio
Pitching: RHP Melvin Tiburcio
Batting: RHB Tom Camden 0-0: Called Strike
0-1: SINGLE (Flyball, 4D, EV 91.9 MPH)
Batting: RHB Meester Gobbles-Rooster 0-0: Called Strike
0-1: Called Strike
0-2: Strikes out swinging
Batting: LHB Ruud van Ineveld 0-0: Ball
1-0: Ball
Tom Camden steals 2nd base
2-0: Ground out 4-3 (Groundball, 34, EV 101.2 MPH)
Tom Camden to third
Batting: LHB Tadayoshi Watanabe 0-0: Called Strike
0-1: Foul Ball, location: 2F
0-2: Ball
1-2: Ball
2-2: Ground out 1-3 (Groundball, 13S, EV 67.5 MPH)
Top of the 1st over - 0 runs, 1 hit, 0 errors, 1 left on base; Cleveland 0 - Charleston 0
BOTTOM OF THE 1ST
Charleston Battery batting - Pitching for Cleveland Browns : RHP Juan Vias
Pitching: RHP Juan Vias
Batting: LHB Rafael Urrutiz 0-0: Bunted foul
0-1: Ground out 4-3 (Groundball, 4, EV 81.9 MPH)
Batting: LHB Benno Luby 0-0: Called Strike
0-1: Ball
1-1: Foul Ball, location: 2F
1-2: SOLO HOME RUN (Flyball, 89XD, EV 111.9 MPH), Distance : 411 ft
Batting: LHB Joey Coco 0-0: Ball
1-0: SINGLE (Line Drive, 6MD, EV 102.5 MPH)
Batting: RHB Melvin Thomas 0-0: Called Strike
0-1: Ball
1-1: Swinging Strike
1-2: SINGLE (Groundball, 6D, EV 110.6 MPH)
Joey Coco to second
Batting: LHB Datu Lesaca 0-0: Swinging Strike
0-1: Foul Ball, location: 2F
0-2: Foul Ball, location: 2F
0-2: Fielders Choice at 2nd, 1-4 (Groundball, 25, EV 91.9 MPH)
Joey Coco to third
Batting: RHB Jaime Espinar 0-0: Called Strike
0-1: Ball
1-1: Ball
2-1: Ball
3-1: Base on Balls
Datu Lesaca to second
Batting: RHB Mariano Juderías 0-0: SINGLE (Groundball, 56D, EV 103.8 MPH)
Joey Coco scores
Datu Lesaca to third
Jaime Espinar to second
Runner from 3rd tries for Home, SAFE, throw by LF to home
Jaime Espinar to third
Mariano Juderías to second
Batting: LHB Alfonso López 0-0: Ball
1-0: Called Strike
1-1: Ball
2-1: Foul Ball, location: 2F
2-2: Strikes out swinging
Bottom of the 1st over - 3 runs, 4 hits, 0 errors, 2 left on base; Cleveland 0 - Charleston 3
TOP OF THE 2ND
Cleveland Browns batting - Pitching for Charleston Battery : RHP Melvin Tiburcio
Batting: RHB Zahid Kashani 0-0: Called Strike
0-1: SOLO HOME RUN (Flyball, 78XD, EV 90.6 MPH), Distance : 412 ft
Batting: LHB Jim Brown 0-0: Ball
1-0: Ground out 4-3 (Groundball, 4, EV 110.6 MPH)
Batting: SHB Jhett Larson 0-0: Ground out 1-3 (Groundball, 23, EV 73.1 MPH)
Batting: LHB Bob Giles 0-0: Called Strike
0-1: Fly out, F8 (Flyball, 8LM, EV 88.8 MPH)
Top of the 2nd over - 1 run, 1 hit, 0 errors, 0 left on base; Cleveland 1 - Charleston 3
BOTTOM OF THE 2ND
Charleston Battery batting - Pitching for Cleveland Browns : RHP Juan Vias
Batting: RHB Uoti Vaijärvi 0-0: Ball
1-0: Called Strike
1-1: Ball
2-1: Foul Ball, location: 2F
2-2: Foul Ball, location: 2F
2-2: Ball
3-2: Ground out 4-3 (Groundball, 4S, EV 88.8 MPH)
Batting: LHB Rafael Urrutiz 0-0: Swinging Strike
0-1: Ball
1-1: Called Strike
1-2: Ball
2-2: SINGLE (Line Drive, 56, EV 105.0 MPH)
Batting: LHB Benno Luby 0-0: Ball
1-0: Swinging Strike
1-1: Called Strike
1-2: Foul Ball, location: 2F
1-2: Ball
2-2: Ball
3-2: 2-RUN HOME RUN (Flyball, 9D, EV 99.4 MPH), Distance : 368 ft
Batting: LHB Joey Coco 0-0: Ground out 4-3 (Groundball, 4, EV 88.8 MPH)
Batting: RHB Melvin Thomas 0-0: Ball
1-0: Called Strike
1-1: Foul Ball, location: 2F
1-2: Strikes out looking
Bottom of the 2nd over - 2 runs, 2 hits, 0 errors, 0 left on base; Cleveland 1 - Charleston 5
TOP OF THE 3RD
Cleveland Browns batting - Pitching for Charleston Battery : RHP Melvin Tiburcio
Batting: SHB Alexei Ponikarov 0-0: Called Strike
0-1: Ball
1-1: Ball
2-1: Ball
3-1: Swinging Strike
3-2: Ground out 1-3 (Groundball, 13, EV 76.9 MPH)
Batting: RHB Tom Camden 0-0: Called Strike
0-1: SINGLE (Groundball, 56D, EV 100.6 MPH)
Batting: RHB Meester Gobbles-Rooster 0-0: Called Strike
0-1: Ball
1-1: Ball
2-1: Ball
3-1: Base on Balls
Tom Camden to second
Batting: LHB Ruud van Ineveld 0-0: DOUBLE (Line Drive, 9LS, EV 102.5 MPH)
Tom Camden scores
Meester Gobbles-Rooster to third
Pinch Runner at 2nd Esteban Piñeiro:
Batting: LHB Tadayoshi Watanabe 0-0: Ball
1-0: Fly out, F9 (Flyball, 9LM, EV 88.8 MPH)
Runner from 3rd tags up, SCORES, throw by RF
Esteban Piñeiro to third
Batting: RHB Zahid Kashani 0-0: Ball
1-0: Ball
2-0: Foul Ball, location: 2F
2-1: Fly out, F6 (Popup, 4MD, EV 48.8 MPH)
Top of the 3rd over - 2 runs, 2 hits, 0 errors, 1 left on base; Cleveland 3 - Charleston 5
BOTTOM OF THE 3RD
Charleston Battery batting - Pitching for Cleveland Browns : RHP Juan Vias
Now in RF: Esteban Piñeiro
Batting: LHB Datu Lesaca 0-0: Called Strike
0-1: Ball
1-1: SINGLE (Line Drive, 6D, EV 95.6 MPH)
Batting: RHB Jaime Espinar 0-0: Ball
1-0: Called Strike
1-1: Ball
2-1: Foul Ball, location: 2F
2-2: Ball
3-2: SINGLE (Groundball, 56D, EV 95.6 MPH)
Datu Lesaca to second
Pitching: RHP Tim Walker
Batting: RHB Mariano Juderías 0-0: Ball
1-0: Fly out, F3 (Popup, 3S, EV 72.5 MPH)
Batting: LHB Alfonso López 0-0: Called Strike
0-1: Foul Ball, location: 2F
0-2: Foul Ball, location: 2F
0-2: Foul Ball, location: 2F
0-2: Ball
1-2: Grounds into double play, 4-6-3 (Groundball, 4, EV 98.8 MPH)
Bottom of the 3rd over - 0 runs, 2 hits, 0 errors, 1 left on base; Cleveland 3 - Charleston 5
TOP OF THE 4TH
Cleveland Browns batting - Pitching for Charleston Battery : RHP Melvin Tiburcio
Batting: LHB Jim Brown 0-0: Ball
1-0: Foul Ball, location: 2F
1-1: Ball
2-1: Foul Ball, location: 2F
2-2: Foul Ball, location: 2F
2-2: Ball
3-2: Ground out U3 (Groundball, 3, EV 85.6 MPH)
Batting: SHB Jhett Larson 0-0: DOUBLE (Flyball, 8LXD, EV 98.8 MPH)
Batting: LHB Bob Giles 0-0: Ball
1-0: Called Strike
Jhett Larson is caught stealing 3rd base 2-5
1-1: SINGLE (Line Drive, 56D, EV 100.0 MPH)
Batting: SHB Alexei Ponikarov 0-0: Ball
1-0: Called Strike
1-1: SINGLE (Groundball, 6MD, EV 101.9 MPH)
Bob Giles to second
Batting: RHB Tom Camden 0-0: Ground out 1-3 (Groundball, 13, EV 85.0 MPH)
Top of the 4th over - 0 runs, 3 hits, 0 errors, 2 left on base; Cleveland 3 - Charleston 5
BOTTOM OF THE 4TH
Charleston Battery batting - Pitching for Cleveland Browns : RHP Tim Walker
Batting: RHB Uoti Vaijärvi 0-0: DOUBLE (Line Drive, 9LM, EV 101.2 MPH)
Batting: LHB Rafael Urrutiz 0-0: Ball
1-0: Foul Ball, location: 2F
1-1: Ball
2-1: Swinging Strike
2-2: Ball
3-2: Strikes out swinging
Batting: LHB Benno Luby 0-0: Ball
1-0: Ball
2-0: Ball
3-0: Called Strike
3-1: Foul Ball, location: 2F
3-2: Base on Balls
Batting: LHB Joey Coco 0-0: Fly out, F9 (Flyball, 9D, EV 90.6 MPH)
Batting: RHB Melvin Thomas 0-0: Ball
1-0: DOUBLE (Line Drive, 7LM, EV 100.6 MPH)
Uoti Vaijärvi scores
Benno Luby to third
Runner from 3rd tries for Home, SAFE, throw by LF to home
Batting: LHB Datu Lesaca 0-0: Ground out U3 (Groundball, 3S, EV 82.5 MPH)
Bottom of the 4th over - 2 runs, 2 hits, 0 errors, 1 left on base; Cleveland 3 - Charleston 7
TOP OF THE 5TH
Cleveland Browns batting - Pitching for Charleston Battery : RHP Melvin Tiburcio
Batting: RHB Meester Gobbles-Rooster 0-0: Ball
1-0: Foul Ball, location: 2F
1-1: Fly out, F7 (Flyball, 7LMF, EV 88.1 MPH)
Batting: SHB Esteban Piñeiro 0-0: Ball
1-0: Fly out, F8 (Line Drive, 8LM, EV 87.5 MPH)
Batting: LHB Tadayoshi Watanabe 0-0: Called Strike
0-1: Ball
1-1: Ball
2-1: DOUBLE (Line Drive, 9LS, EV 99.4 MPH)
Batting: RHB Zahid Kashani 0-0: Called Strike
0-1: Ball
1-1: Ball
2-1: Fly out, F9 (Flyball, 9D, EV 101.9 MPH)
Top of the 5th over - 0 runs, 1 hit, 0 errors, 1 left on base; Cleveland 3 - Charleston 7
BOTTOM OF THE 5TH
Charleston Battery batting - Pitching for Cleveland Browns : RHP Tim Walker
Batting: RHB Jaime Espinar 0-0: Fly out, F8 (Flyball, 8RM, EV 91.9 MPH)
Batting: RHB Mariano Juderías 0-0: Foul Ball, location: 2F
0-1: Ball
1-1: Swinging Strike
1-2: Foul Ball, location: 2F
1-2: Fly out, F8 (Flyball, 8LM, EV 93.1 MPH)
Batting: LHB Alfonso López 0-0: Foul Ball, location: 2F
0-1: Foul Ball, location: 2F
0-2: Ball
1-2: Ball
2-2: SINGLE (Groundball, 4, EV 83.1 MPH) (infield hit)
Batting: RHB Uoti Vaijärvi 0-0: Fly out, F9 (Flyball, 9D, EV 93.8 MPH)
Bottom of the 5th over - 0 runs, 1 hit, 0 errors, 1 left on base; Cleveland 3 - Charleston 7
TOP OF THE 6TH
Cleveland Browns batting - Pitching for Charleston Battery : RHP Melvin Tiburcio
Batting: LHB Jim Brown 0-0: Called Strike
0-1: Ball
1-1: Swinging Strike
1-2: SINGLE (Groundball, 6MD, EV 106.9 MPH)
Batting: SHB Jhett Larson 0-0: Foul Ball, location: 2F
0-1: Swinging Strike
0-2: Ball
1-2: Fly out, F7 (Flyball, 7, EV 86.2 MPH)
Batting: LHB Bob Giles 0-0: SINGLE (Groundball, 6D, EV 104.4 MPH)
Jim Brown to second
Batting: SHB Alexei Ponikarov 0-0: Ball
1-0: SINGLE (Line Drive, 56D, EV 102.5 MPH)
Jim Brown to third
Bob Giles to second
Runner from 3rd tries for Home, SAFE, throw by LF to home
Batting: RHB Tom Camden 0-0: Grounds into double play, 6-4-3 (Groundball, 6, EV 88.1 MPH)
Top of the 6th over - 1 run, 3 hits, 0 errors, 1 left on base; Cleveland 4 - Charleston 7
BOTTOM OF THE 6TH
Charleston Battery batting - Pitching for Cleveland Browns : RHP Tim Walker
Pitching: LHP Stephen Palmer
Batting: LHB Rafael Urrutiz 0-0: Called Strike
0-1: Ball
1-1: Ground out 1-3 (Groundball, 13, EV 76.2 MPH)
Batting: LHB Benno Luby 0-0: Called Strike
0-1: Ball
1-1: Foul Ball, location: 2F
1-2: Ball
2-2: Strikes out swinging, 2-3 out at first.
Batting: LHB Joey Coco 0-0: Ball
1-0: Fly out, F7 (Flyball, 78S, EV 82.5 MPH)
Bottom of the 6th over - 0 runs, 0 hits, 0 errors, 0 left on base; Cleveland 4 - Charleston 7
TOP OF THE 7TH
Cleveland Browns batting - Pitching for Charleston Battery : RHP Melvin Tiburcio
Batting: RHB Meester Gobbles-Rooster 0-0: Ball
1-0: Called Strike
1-1: Reached on error, E6 (Groundball, 6, EV 101.2 MPH)
Batting: SHB Esteban Piñeiro 0-0: Foul Ball, location: 2F
0-1: Fielders Choice at 2nd, 5-4 (Groundball, 56, EV 106.2 MPH)
Batting: LHB Tadayoshi Watanabe 0-0: Ball
1-0: Grounds into double play, 6-4-3 (Groundball, 6M, EV 84.4 MPH)
Top of the 7th over - 0 runs, 0 hits, 1 error, 0 left on base; Cleveland 4 - Charleston 7
BOTTOM OF THE 7TH
Charleston Battery batting - Pitching for Cleveland Browns : LHP Stephen Palmer
Batting: RHB Melvin Thomas 0-0: Foul Ball, location: 2F
0-1: TRIPLE (Line Drive, 89XD, EV 113.8 MPH)
Batting: LHB Datu Lesaca 0-0: Swinging Strike
0-1: Ball
1-1: Foul Ball, location: 2F
1-2: Ball
2-2: Strikes out swinging
Batting: RHB Jaime Espinar 0-0: Ball
1-0: Fly out, F9 (Flyball, 9, EV 87.5 MPH)
Runner from 3rd tags up, SCORES, throw by RF
Batting: RHB Mariano Juderías 0-0: Ball
1-0: Ball
2-0: Called Strike
2-1: Foul Ball, location: 2F
2-2: Ball
3-2: Base on Balls
Batting: LHB Alfonso López 0-0: Ball
1-0: Ball
2-0: Ball
3-0: Base on Balls
Mariano Juderías to second
Batting: RHB Uoti Vaijärvi 0-0: Called Strike
0-1: Ball
1-1: Ball
2-1: Called Strike
2-2: Foul Ball, location: 2F
2-2: Fielders Choice at 2nd, 5-4 (Groundball, 56, EV 85.6 MPH)
Bottom of the 7th over - 1 run, 1 hit, 0 errors, 2 left on base; Cleveland 4 - Charleston 8
TOP OF THE 8TH
Cleveland Browns batting - Pitching for Charleston Battery : RHP Melvin Tiburcio
Batting: RHB Zahid Kashani 0-0: Ball
1-0: Called Strike
1-1: Ground out 5-3 (Groundball, 56, EV 76.2 MPH)
Batting: LHB Jim Brown 0-0: Ground out 4-3 (Groundball, 4, EV 87.5 MPH)
Batting: SHB Jhett Larson 0-0: SINGLE (Groundball, 6MD, EV 101.2 MPH)
Batting: LHB Bob Giles 0-0: Ball
1-0: Called Strike
1-1: Ball
2-1: Foul Ball, location: 2F
2-2: Ground out 4-3 (Groundball, 4, EV 83.8 MPH)
Top of the 8th over - 0 runs, 1 hit, 0 errors, 1 left on base; Cleveland 4 - Charleston 8
BOTTOM OF THE 8TH
Charleston Battery batting - Pitching for Cleveland Browns : LHP Stephen Palmer
Batting: LHB Rafael Urrutiz 0-0: Ball
1-0: Called Strike
1-1: Foul Ball, location: 2F
1-2: Fly out, F7 (Flyball, 7LM, EV 86.9 MPH)
Pitching: RHP Hsiao-lou Lei
Batting: LHB Benno Luby 0-0: Foul Ball, location: 2F
0-1: Ball
1-1: SINGLE (Groundball, 23, EV 70.0 MPH) (infield hit)
Batting: LHB Joey Coco 0-0: Ball
1-0: Ball
2-0: Ball
3-0: Called Strike
3-1: Base on Balls
Benno Luby to second
Batting: RHB Melvin Thomas 0-0: Foul Ball, location: 2F
0-1: Ball
1-1: Ball
2-1: Ball
3-1: Base on Balls
Benno Luby to third
Joey Coco to second
Batting: LHB Datu Lesaca 0-0: Foul Ball, location: 2F
0-1: Foul Ball, location: 2F
0-2: Ball
1-2: Ball
2-2: SINGLE (Flyball, 8LS, EV 97.5 MPH)
Benno Luby scores
Joey Coco to third
Melvin Thomas to second
Runner from 3rd tries for Home, SAFE, throw by CF to home
Batting: RHB Jaime Espinar 0-0: Ball
1-0: Called Strike
1-1: Ball
2-1: Ball
3-1: Fielders Choice at 2nd, 5-4 (Groundball, 56, EV 88.1 MPH)
Melvin Thomas to third
Batting: RHB Mariano Juderías 0-0: Foul Ball, location: 2F
0-1: Ball
1-1: Ball
2-1: Foul Ball, location: 2F
2-2: Strikes out swinging
Bottom of the 8th over - 2 runs, 2 hits, 0 errors, 2 left on base; Cleveland 4 - Charleston 10
TOP OF THE 9TH
Cleveland Browns batting - Pitching for Charleston Battery : RHP Melvin Tiburcio
Pitching: LHP Rodrigo Alarcon
Batting: SHB Alexei Ponikarov 0-0: Called Strike
0-1: Ball
1-1: Foul Ball, location: 2F
1-2: Ball
2-2: DOUBLE (Groundball, 5L, EV 101.2 MPH)
Batting: RHB Tom Camden 0-0: Called Strike
0-1: Swinging Strike
0-2: Strikes out swinging
Batting: RHB Meester Gobbles-Rooster 0-0: Ball
1-0: Foul Ball, location: 2F
1-1: Called Strike
1-2: Ground out 6-3 (Groundball, 6, EV 85.6 MPH)
Alexei Ponikarov to third
Batting: SHB Esteban Piñeiro 0-0: Ball
1-0: Swinging Strike
1-1: Called Strike
1-2: Foul Ball, location: 2F
1-2: Strikes out looking
Top of the 9th over - 0 runs, 1 hit, 0 errors, 1 left on base; Cleveland 4 - Charleston 10
Friday, March 26th, 2021 - OOTP Baseball 20.8 Build 74